 Dungeon Crawl Stone Soup version 0.31-a0-115-g4708a659fe (webtiles) character file.

Game seed: 9633287750483133912

41 jlumianski the Digger (level 3, -3/21 HPs)
             Began as an Octopode Earth Elementalist on May 30, 2023.
             Slain by an ogre
             ... wielding a +0 giant spiked club
              (24 damage)
             ... on level 2 of the Dungeon.
             The game lasted 00:08:01 (1135 turns).

jlumianski the Digger (Octopode Earth Elementalist) Turns: 1135, Time: 00:08:01

Health: -3/21      AC:  1    Str:  7    XL:     3   Next: 52%
Magic:  6/6        EV: 13    Int: 19    God:
Gold:   53         SH:  0    Dex: 12    Spells: 0/6 levels left

rFire   . . .        o - +2 dagger (venom)
rCold   . . .        (no shield)
rNeg    . . .        (helmet restricted)
rPois   .            (no amulet)
rElec   .            (no ring)
rCorr   .            (no ring)
SInv    .            (no ring)
Will    .....        (no ring)
Stlth   +++          (no ring)
HPRegen 0.23/turn    (no ring)
MPRegen 0.10/turn    (no ring)
                     (no ring)

%: no passive effects
@: no status effects
A: almost no armour, amphibious, 8 rings, camouflage 1, gelatinous body 1,
(nimble swimmer 1), tentacles
a: no special abilities


You were on level 2 of the Dungeon.
You visited 1 branch of the dungeon, and saw 3 of its levels.

You collected 97 gold pieces.
You spent 44 gold pieces at shops.

Inventory:

Hand Weapons
 e - a +0 dagger
 i - a +0 short sword
 o - a +2 dagger of venom (weapon)
Magical Staves
 n - a staff of poison
Jewellery
 l - an amulet of faith
Scrolls
 c - 2 scrolls of amnesia {unknown}
 f - 2 scrolls of silence {unknown}
 g - a scroll of enchant weapon {unknown}
 h - 3 scrolls of teleportation {unknown}
 k - 2 scrolls of identify
Potions
 a - a potion of magic
 b - a potion of degeneration
 d - 2 potions of might {unknown}
 j - a potion of heal wounds
 m - a potion of mutation {unknown}


   Skills:
 + Level 0.2 Short Blades
 + Level 2.4 Dodging
 + Level 3.1 Stealth
 + Level 0.3 Unarmed Combat
 + Level 2.4 Spellcasting
 + Level 1.0 Transmutations
 + Level 3.5 Earth Magic


You couldn't memorise any spells.
You knew the following spells:

 Your Spells              Type           Power      Damage    Failure   Level
a - Sandblast             Erth           30%        2d9       3%          1
b - Stone Arrow           Conj/Erth      18%        3d8       24%         3
c - Passwall              Tmut/Erth      9%         N/A       10%         2

Your spell library contained the following spells:

 Spells                   Type           Power      Damage    Failure   Level
 Petrify                  Tmut/Erth      11%        N/A       54%         4


Dungeon Overview and Level Annotations

Branches:
Dungeon (3/15)

Altars:

Shops:
D:1 ?


Innate Abilities, Weirdness & Mutations

You cannot wear most types of armour.
You are amphibious.
You can wear up to eight rings at the same time.
Your skin changes colour to match your surroundings (Stealth+).
Your rubbery body absorbs attacks. (AC +1, EV +1)
((You are camouflaged when in or above water. (Stealth+)))
You have tentacles for arms and can constrict up to eight enemies at once.


Message History

There is a stone staircase leading down here.
You hit the rat. Your grab misses the rat.
The rat is severely wounded.
The rat completely misses you.
You hit the rat but do no damage. You grab the rat. You squeeze the rat.
You kill the rat!
Casting: Sandblast (safe; 3% risk of failure)
Confirm with . or Enter, or press ? or * to list all spells.
Okay, then.
Unknown command.
There is a stone staircase leading down here.
You climb downwards.
There is a stone staircase leading up here.
Found 12 gold pieces.
Found a thin runed staff.
You see here a staff of poison.
n - a staff of poison You now have 53 gold pieces (gained 12).
Memorise Passwall, consuming 2 spell levels and leaving 0?
You start memorising the spell.
You continue memorising. x2
You finish memorising.
Spell assigned to 'c'.
There is a stone staircase leading up here.
There is a stone staircase leading up here.
You climb upwards.
There is a stone staircase leading down here.
A goblin comes into view. It is wielding a +2 dagger of venom.
The helpless goblin fails to defend itself.
You hit the goblin.
You kill the goblin!
Things that are here:
a +2 dagger of venom; a goblin corpse
o - a +2 dagger of venom Your +2 dagger of venom begins to drip with poison!
o - a +2 dagger of venom (weapon)
You open the door.
There is an open door here.
The ogre shouts!
The ogre hits you with a +0 giant spiked club!!
Ouch! That really hurt!
You die...

# #########
#.#######.......#
#.......+.......######
######....#.....#.†.#..#
#......@..#.........#..#
##.####O##.'......#.....# ..
.. #. #.#......#..#.#.
#####.#.##.##.##...#####....
# #...
..........#####.....#.
#.#..# ##.####.#.# #.#...#.
.#..#
#r#......#.#####.######
...#?S.#...†..............><
#......#....................


You could see an ogre.

Vanquished Creatures
  3 dart slugs
  2 endoplasms (D:1)
  2 giant cockroaches (D:1)
  5 goblins
  3 hobgoblins
  2 jackals (D:1)
  A quokka (D:1)
  2 ball pythons
  3 bats
  A frilled lizard (D:1)
  A kobold (D:1)
  9 rats
34 creatures vanquished.

Notes
Turn   | Place    | Note
-------+----------+-------------------------------------------
     0 | D:1      | jlumianski the Octopode Earth Elementalist began the quest
                  | for the Orb.
     0 | D:1      | Reached XP level 1. HP: 11/11 MP: 3/3
   180 | D:1      | Reached XP level 2. HP: 17/17 MP: 5/5
   442 | D:1      | Reached XP level 3. HP: 21/21 MP: 4/6
   446 | D:1      | Learned a level 3 spell: Stone Arrow
   663 | D:1      | Found Ukuki's Magic Scroll Boutique.
   669 | D:1      | Bought a scroll of identify for 22 gold pieces
   669 | D:1      | Bought a scroll of identify for 22 gold pieces
  1006 | D:2      | Identified the +3 ring mail of Fashionability {Regen+
                  | Dex+3}
  1031 | D:2      | Noticed an ogre
  1083 | D:3      | Learned a level 2 spell: Passwall
  1135 | D:2      | Slain by an ogre

Illustrated notes

Levels and vault maps discovered:
D:1:      minmay_arrival_three_doors, layout_basic, serial_shops,
          nicolae_shop_peninsula
D:2:      layout_basic, basic_altar, hangedman_decor_push,
          minmay_split_cup_large, uniq_sigmund
D:3:      kennysheep_the_goblin_king, layout_loops_ring

Skill      XL: |  1  2  3 |
---------------+----------+-----
Stealth        | 3 |  3.1
Short Blades   | |  0.2
Dodging        | |  2.4
Unarmed Combat | |  0.3
Spellcasting   | |  2.4
Transmutations | |  1.0
Earth Magic    | |  3.5

Action                     || total
---------------------------++-------
  Melee: Unarmed           ||    16
         Constrict         ||    13
         Tentacles         ||    12
         Dagger            ||    10
         Short sword       ||    29
   Cast: Sandblast         ||    11
    Use: Scroll            ||     2
   Stab: Sleeping          ||     9
 Armour: Skin              ||     2
  Dodge: Dodged            ||    35

Table legend: (Time is in decaauts)
 A = Elapsed time spent in this place.
 B = Non-inter-level travel time spent in this place.
 C = Inter-level travel time spent in this place.
 D = Time resting spent in this place.
 E = Time spent auto-exploring this place.
 F = Levels seen in this place.
 G = Mean time per level.
                   A        B        C        D        E       F      G
               +--------+--------+--------+--------+--------+-----+--------+
         Total |   1140 |   1097 |     43 |    144 |    382 |   3 |  380.0 |
       Dungeon |   1140 |   1097 |     43 |    144 |    382 |   3 |  380.0 |
               +--------+--------+--------+--------+--------+-----+--------+

Top non-repeatable levels by time:
     D:1: 850 daAuts
     D:2: 256 daAuts
     D:3: 32 daAuts
